 Dungeon Crawl Stone Soup version 0.28-a0-1404-g4df0f3684d (webtiles) character file.

Game seed: 17674686061203126294

144 oldriver the Digger (level 4, -2/36 HPs)
             Began as a Demigod Earth Elementalist on Jan 6, 2022.
             Slain by Terence (7 damage)
             ... on level 3 of the Dungeon.
             The game lasted 00:03:17 (5176 turns).

oldriver the Digger (Demigod Earth Elementalist)    Turns: 5176, Time: 00:03:18

Health: -2/36      AC:  2    Str:  9    XL:     4   Next: 77%
Magic:  5/11       EV: 12    Int: 27    God:
Gold:   127        SH:  0    Dex: 14    Spells: 2/8 levels left

rFire   . . .      SeeInvis .   l - +2 dagger (pain)
rCold   + . .      Faith    .   (no shield)
rNeg    . . .      Spirit   .   b - +0 robe
rPois   .          Reflect  .   (no helmet)
rElec   .          Harm     .   (no cloak)
rCorr   .          Rampage  .   (no gloves)
Will    .....                   (no boots)
Stlth   ++........              (no amulet)
HPRegen 0.12/turn               h - +6 ring of intelligence
MPRegen 0.12/turn               (no ring)

@: no status effects
A: high mp 1, forlorn, divine attributes, cold resistance 1, passive freeze
a: no special abilities


You were on level 3 of the Dungeon.
You visited 1 branch of the dungeon, and saw 3 of its levels.

You collected 127 gold pieces.

Inventory:

Hand Weapons
 l - a +2 dagger of pain (weapon)
Missiles
 c - 38 stones
Armour
 b - a +0 robe (worn)
Jewellery
 h - a +6 ring of intelligence (left hand)
Scrolls
 d - a scroll of identify {unknown}
Potions
 f - a potion of might {unknown}
 i - a potion of brilliance {unknown}


   Skills:
 + Level 2.2 Fighting
 - Level 1.7 Dodging
 - Level 1.7 Stealth
 + Level 2.8 Spellcasting
 + Level 0.8 Conjurations
 - Level 0.8 Transmutations
 + Level 3.6 Earth Magic


You had 2 spell levels left.
You knew the following spells:

 Your Spells              Type           Power      Damage    Failure   Level
a - Sandblast             Erth           46%        2d11      1%          1
b - Passwall              Tmut/Erth      13%        N/A       5%          2
c - Stone Arrow           Conj/Erth      32%        3d9       11%         3

Your spell library contained the following spells:

 Spells                   Type           Power      Damage    Failure   Level
 Confusing Touch          Hex            3%         N/A       26%         3
 Petrify                  Tmut/Erth      16%        N/A       34%         4
 Yara's Violent Unravell  Hex/Tmut       3%         3d4       91%         5
 Enfeeble                 Hex            1%         N/A       100%        7


Dungeon Overview and Level Annotations

Branches:
Dungeon (3/15)

Annotations:
D:3 Terence


Innate Abilities, Weirdness & Mutations

You have an increased reservoir of magic. (+10% MP)
You shall have no god before yourself.
Your divine heritage dramatically boosts your attributes as you level up.
Your flesh is cold resistant. (rC+)
A frigid envelope surrounds you and freezes all who hurt you.


Message History

Terence barely misses you.
Casting: Sandblast (safe; 1% risk of failure)
Confirm with . or Enter, or press ? or * to list all spells.
Aiming: Sandblast (safe; 1% risk of failure)
Press: ? - help, Shift-Dir - straight line, f/p - Terence
Aim: Terence, wielding a +0 short sword and wearing a +0 scale mail (severely wounded, 83% to hit)
The blast of sand hits Terence but does no damage.
Terence is severely wounded.
Terence hits you with a +0 short sword.
Casting: Sandblast (safe; 1% risk of failure)
Confirm with . or Enter, or press ? or * to list all spells.
Aiming: Sandblast (safe; 1% risk of failure)
Press: ? - help, Shift-Dir - straight line, f/p - Terence
Aim: Terence, wielding a +0 short sword and wearing a +0 scale mail (severely wounded, 83% to hit)
The blast of sand hits Terence but does no damage.
Terence is severely wounded.
Terence hits you with a +0 short sword.
* * * LOW HITPOINT WARNING * * *
Casting: Sandblast (safe; 1% risk of failure)
Confirm with . or Enter, or press ? or * to list all spells.
Aiming: Sandblast (safe; 1% risk of failure)
Press: ? - help, Shift-Dir - straight line, f/p - Terence
Aim: Terence, wielding a +0 short sword and wearing a +0 scale mail (severely wounded, 83% to hit)
The blast of sand hits Terence but does no damage.
Terence is severely wounded.
Terence screams, "I'm going to kill you!"
Terence hits you with a +0 short sword.
* * * LOW HITPOINT WARNING * * *
Casting: Sandblast (safe; 1% risk of failure)
Confirm with . or Enter, or press ? or * to list all spells.
Aiming: Sandblast (safe; 1% risk of failure)
Press: ? - help, Shift-Dir - straight line, f/p - Terence
Aim: Terence, wielding a +0 short sword and wearing a +0 scale mail (severely wounded, 83% to hit)
The blast of sand misses Terence.
The blast of sand hits the bat!
You kill the bat!
Terence hits you but does no damage.
It was a potion of mutation.
You feel extremely strange.
You feel resistant to cold.
Your skin feels very cold.
Terence hits you with a +0 short sword!
You die...

#.# ## #..
.. #.# .#
#o. .# #o#
.# #o# .#
####@####
.#####...
#..†@...#
.........
#.#..##.#
.#####...
#..#.##
.##
#.###[#
..#
#..#.##
..#
#.#.###.#
..########
#.......#
#†#......#
###.#####
#)#.####.#
#.#


You could see Terence and 3 orcs.

Vanquished Creatures
  Jessica (D:3)
  A gnoll (D:1)
  4 adders (D:2)
  2 howler monkey skeletons
  A worm (D:2)
  2 dart slugs
  2 orcs (D:3)
  9 bats
  4 endoplasms
  2 giant cockroaches (D:3)
  3 goblins
  2 hobgoblins (D:3)
  2 quokkas (D:1)
  5 ball pythons
  A frilled lizard (D:2)
  4 kobolds (D:1)
  4 rats
49 creatures vanquished.

Notes
Turn   | Place    | Note
-------+----------+-------------------------------------------
     0 | D:1      | oldriver the Demigod Earth Elementalist began the quest for
                  | the Orb.
     0 | D:1      | Reached XP level 1. HP: 14/14 MP: 5/5
  1091 | D:1      | Reached XP level 2. HP: 19/22 MP: 7/7
  1591 | D:1      | Reached skill level 3 in Earth Magic
  1689 | D:1      | Reached skill level 1 in Fighting
  2196 | D:2      | Reached XP level 3. HP: 25/28 MP: 6/9
  3702 | D:2      | Reached XP level 4. HP: 36/36 MP: 7/10
  4074 | D:2      | Learned a level 2 spell: Passwall
  4078 | D:2      | Learned a level 3 spell: Stone Arrow
  5029 | D:3      | Noticed Jessica
  5038 | D:3      | Killed Jessica
  5152 | D:3      | Noticed Terence
  5176 | D:3      | Gained mutation: Your flesh is cold resistant. (rC+)
                  | [potion of mutation]
  5176 | D:3      | Gained mutation: A frigid envelope surrounds you and
                  | freezes all who hurt you. [potion of mutation]
  5176 | D:3      | Slain by Terence

Illustrated notes

Levels and vault maps discovered:
D:1:      lemuel_arrival_tunnels, layout_loops_ring
D:2:      mumra_celtic_spiral_tile, layout_basic, basic_altar,
          nicolae_ecumenical_snake_handling
D:3:      layout_loops_cross, grunt_decor_cap, uniq_jessica,
          uniq_crazy_yiuf_cottage, uniq_terence

Skill      XL: |  1  2  3  4 |
---------------+-------------+-----
Spellcasting   | 2 |  2.8
Earth Magic    | 3 |  3.6
Fighting       | 1 2 |  2.2
Dodging        | |  1.7
Stealth        | |  1.7
Conjurations   | |  0.8
Transmutations | |  0.8

Action                   |  1- 3 |  4- 6 || total
-------------------------+-------+-------++-------
Melee: Club              |   107 |    13 ||   120
       Unarmed           |     9 |       ||     9
       Punch             |     2 |     1 ||     3
       Dagger            |       |    46 ||    46
 Cast: Sandblast         |    21 |    18 ||    39
  Use: Scroll            |       |     5 ||     5
       Potion            |       |     1 ||     1
 Stab: Sleeping          |     8 |     2 ||    10
       Distracted        |     1 |       ||     1
Armor: Robe              |    33 |    18 ||    51
Dodge: Dodged            |   120 |    49 ||   169

Table legend: (Time is in decaauts)
 A = Elapsed time spent in this place.
 B = Non-inter-level travel time spent in this place.
 C = Inter-level travel time spent in this place.
 D = Time resting spent in this place.
 E = Time spent auto-exploring this place.
 F = Levels seen in this place.
 G = Mean time per level.
                   A        B        C        D        E       F      G
               +--------+--------+--------+--------+--------+-----+--------+
         Total |   5218 |   5032 |    186 |   1492 |   2949 |   3 | 1739.3 |
       Dungeon |   5218 |   5032 |    186 |   1492 |   2949 |   3 | 1739.3 |
               +--------+--------+--------+--------+--------+-----+--------+

Top non-repeatable levels by time:
     D:1: 2439 daAuts
     D:2: 1896 daAuts
     D:3: 882 daAuts
